 Dungeon Crawl Stone Soup version 0.17.2-1-ge4368a0 (webtiles) character file.

178 epen the Ruffian (level 5, -2/43 HPs)
             Began as a Formicid Monk on Sept 27, 2016.
             Slain by a gnoll
             ... wielding a +0 halberd
              (13 damage)
             ... on level 3 of the Dungeon.
             The game lasted 00:02:52 (3148 turns).

epen the Ruffian (Formicid Monk)                    Turns: 3148, Time: 00:02:52

Health: -2/43      AC:  5    Str: 16    XL:     5   Next: 89%
Magic:  5/5        EV: 12    Int: 10    God:
Gold:   94         SH:  0    Dex: 13    Spells: 0 memorised, 4 levels left

rFire  . . .     SeeInvis +       - Unarmed
rCold  . . .     Clarity  .     s - +0 ring mail
rNeg   . . .     SustAt   .     (no shield)
rPois  .         Gourm    .     (helmet unavailable)
rElec  .         Spirit   .     (no cloak)
rCorr  .         Warding  .     (no gloves)
rMut   .         Stasis   +     (no boots)
MR     .....                    (no amulet)
Stlth  +.........               (no ring)
                                (no ring)

@: not resistant to hostile enchantments, very unstealthy
A: permanent stasis, dig shafts and tunnels, four strong arms, antennae 3
a: Dig, Shaft Self


You were on level 3 of the Dungeon.
You were very hungry.

You visited 1 branch of the dungeon, and saw 3 of its levels.

You collected 94 gold pieces.

Inventory:

Armour
 a - a +0 robe
 s - a +0 ring mail (worn)
Wands
 p - a wand of fireball (6)
Scrolls
 c - 3 scrolls of noise {unknown}
 d - a scroll of recharging {unknown}
 e - a scroll of remove curse {unknown}
 h - 2 scrolls of immolation {unknown}
 l - 5 scrolls of identify {unknown}
 o - a scroll of magic mapping {unknown}
 q - a scroll of teleportation {unknown}
Potions
 g - a potion of mutation {unknown}
 i - a potion of flight {unknown}
 j - a potion of lignification {unknown}
 k - a potion of degeneration {unknown}
 n - a potion of might {unknown}
 r - a potion of magic {unknown}
Comestibles
 b - a bread ration
 f - 2 meat rations
 m - 5 fruits


   Skills:
 + Level 4.3 Fighting
 * Level 3.8 Dodging
 - Level 2.4 Stealth
 * Level 5.3 Unarmed Combat


You had 4 spell levels left.
You didn't know any spells.

Dungeon Overview and Level Annotations

Branches:
Dungeon (3/15)

Altars:
The Shining One


Innate Abilities, Weirdness & Mutations

You are under a permanent stasis effect.
You can dig through walls and to a lower floor.
Your four strong arms can wield two-handed weapons with a shield.
You have a pair of large antennae on your head (SInv).


Message History

The gnoll hits you with a halberd!
* * * LOW HITPOINT WARNING * * *
You are too injured to fight recklessly!
You hit the gnoll.
The gnoll is severely wounded.
The gnoll misses you.
You are too injured to fight recklessly!
The gnoll shouts!
You hit the gnoll but do no damage.
The gnoll is severely wounded.
You hit the gnoll.
The gnoll is almost dead.
The gnoll barely misses you.
You hit the gnoll but do no damage.
The gnoll is almost dead.
The gnoll completely misses you.
You closely miss the gnoll.
The gnoll is almost dead.
The gnoll hits you with a halberd!
You die...

.......?.....###
.....##.....<...
......#>...g..^. {
.####.#.....g.# { .#
#.###..g.# รท#
#........#
.####..#####.# #
.......# #.######.#
.####..#####..gg@...#
..............#####.#
#####..#####..# #
#####..##.....#
..^....##.##..#
#####.###.###.# ###.#
#.# #... ##...###.#
#.##. .........# #.#
#


You could see 2 gnolls.

Vanquished Creatures
  2 gnolls (D:3)
  10 adders
  3 oozes (D:2)
  3 worms
  A giant gecko (D:1)
  A ball python (D:2)
  3 giant cockroaches (D:1)
  3 goblins
  6 hobgoblins
  7 jackals
  5 bats
  3 giant newts (D:2)
  2 kobolds (D:1)
  4 rats
53 creatures vanquished.

Notes
Turn   | Place    | Note
--------------------------------------------------------------
     0 | D:1      | epen the Formicid Monk began the quest for the Orb.
     0 | D:1      | Reached XP level 1. HP: 18/18 MP: 1/1
   166 | D:1      | Reached XP level 2. HP: 24/24 MP: 2/2
   568 | D:1      | Found a glowing golden altar of the Shining One.
   919 | D:2      | Reached XP level 3. HP: 26/29 MP: 3/3
  1128 | D:2      | Reached XP level 4. HP: 32/37 MP: 4/4
  1717 | D:2      | Reached skill level 5 in Unarmed Combat
  1727 | D:2      | Reached XP level 5. HP: 18/42 MP: 5/5
  3148 | D:3      | Slain by a gnoll

Action                   |  1- 3 |  4- 6 || total
-------------------------+-------+-------++-------
Melee: Unarmed           |    90 |   160 ||   250
Evoke: Wand              |       |     1 ||     1
  Use: Potion            |       |     1 ||     1
 Stab: Sleeping          |     2 |     8 ||    10
  Eat: Chunk             |     1 |     4 ||     5
       Fruit             |       |     1 ||     1
